Unix NetHack Version 5.0.0-0 post-release - last build May  4 2026 22:22:43 (774f63e81ad911689b3a0859ea89b322d5daca8d,branch:main).

Game began 2026-05-05 02:53:38, ended 2026-05-05 03:56:28.

Eesui, chaotic male human Rogue

                               ----------             ------
                               |........             #-....|
    ----                       |.......              #|....|
   .....#   #             #    |......    #         ##-.....#
  |....|####0             #      ...      #        %##------#         -------
  |....|##    ##          #       .       #    ##### #      #         |..((.|
  |....|##     #    ##################################### ###        %-.(((.|
  |.....#########%[[#     #   ###         #    #     #    #--------###|.....|
  |....| #     #         ### #####       ###   #     e    #|......|#  |.!.((|
  ------ #     #           .              ##   #     @#  ##-....%..#  -------
         #     #           ..                  -------d  # |......|
         #     #            ..                 |.....-#  # |...----
         ## ---|---         ..                 |.....|     |...|
          ##|.....|          ..                ......      |...|
           #|..<.n|          ..<               |.....|     -----
           #|.....+          ----              -------
            -------

Eesui the Rogue         St:14 Dx:17 Co:16 In:9 Wi:14 Ch:9  Chaotic
Dlvl:10 $:0  HP:0(79) Pw:37(37) AC:-5 Xp:9/4344 T:10320 

Latest messages:
 The wolf bites!
 The wolf bites!
 The wolf bites!
 The wolf bites!
 The wolf bites!
 The wolf bites!
 The wolf bites!
 The wolf misses!
 The wolf bites!
 The wolf bites!
 The wolf bites!
 The wolf bites!
 The wolf bites!
 The wolf bites!
 The wolf just misses!
 The wolf misses!
 The wolf bites!
 The wolf bites!
 The wolf bites!
 The wolf misses!
 The wolf bites!
 The wolf bites!
 The wolf bites!
 The wolf bites!
 The wolf bites!
 The wolf bites!
 The wolf bites!
 The wolf bites!
 The wolf bites!
 The wolf misses!
 The wolf bites!
 The wolf bites!
 The wolf bites!
 The wolf bites!
 The wolf bites!
 The wolf misses!
 The wolf misses!
 The wolf misses!
 The wolf bites!
 The wolf misses!
 The wolf just misses!
 The wolf bites!
 The wolf bites!
 The wolf bites!
 The wolf bites!
 The wolf bites!
 The wolf bites!
 The wolf bites!
 You die...
 Do you want your possessions identified? [ynq] (y)

Inventory:
 Weapons  (')')
  H - a blessed +3 dagger (wielded in left hand)
  K - 14 +0 daggers (at the ready)
  Y - the +0 Sting (wielded in right hand)
 Armor    ('[')
  w - an uncursed +0 dwarvish iron helm (being worn)
  U - an uncursed +0 pair of leather gloves (being worn)
  E - an uncursed +2 pair of elven boots (being worn)
  N - a blessed +2 dwarvish cloak (being worn)
  u - an uncursed +0 dwarvish mithril-coat (being worn)
 Comestibles  ('%')
  V - an uncursed lizard corpse
 Rings    ('=')
  d - a blessed +1 ring of protection (on right hand)
 Wands    ('/')
  b - a wand of cancellation (0:3)
  o - a wand of digging (0:6)
  c - a wand of enlightenment (0:10)
  W - a wand of striking (0:4)
  Z - a wand of striking (0:2)
 Tools    ('(')
  f - an uncursed bag of holding containing 10 items
  L - an empty uncursed sack
  G - an uncursed blindfold
  J - an uncursed leash
  e - an uncursed lock pick
  g - a blessed oil lamp
  S - a tinning kit (0:85)
 Gems/Stones  ('*')
  q - an uncursed touchstone

Contents of the bag of holding:
  167 gold pieces
  an uncursed scroll of magic mapping
  a blessed scroll of identify
  an uncursed scroll of identify
  2 uncursed potions of acid
  a blessed potion of object detection
  an uncursed potion of extra healing
  4 uncursed potions of healing
  a cursed potion of healing
  a magic marker (0:41)

Eesui the Rogue's attributes:

Background:
 You were a Rogue, level 9 male human.
 You were chaotic, on a mission for Kos
 who was opposed by Issek (lawful) and Mog (neutral).
 You were right-handed.
 You were in the Dungeons of Doom, on level 10.
 You entered the dungeon 10320 turns ago.
 It was nighttime.
 You had 4344 experience points, 776 more were needed to attain level 10.

Basics:
 You had 0 out of 79 hit points.
 You had all 37 energy points (spell power).
 Your armor class was -5.
 Your wallet was empty, but
 you had 167 zorkmids stashed away in your pack.
 Autopickup was on for '$?!/=+"' plus thrown.

Final Characteristics:
 Your strength was 14 (limit:18/100).
 Your dexterity was 17 (limit:18).
 Your constitution was 16 (limit:18).
 Your intelligence was 9 (limit:18).
 Your wisdom was 14 (limit:18).
 Your charisma was 9 (limit:18).

Final Status:
 You weren't hungry.
 You were unencumbered.
 You were wielding two weapons at once.
 You were skilled in dagger and two weapons.
 You could have enhanced skills with dagger and also with two weapons.

Final Attributes:
 You were piously aligned.
 Your items were somewhat protected from fire.
 Your items were somewhat protected from cold.
 You were poison resistant.
 You were telepathic.
 You were aware of the presence of orcs.
 You were stealthy.
 You had a small defense bonus (+1).
 You were protected.
 You are dead.

Miscellaneous:
 You encountered 1 bones level.
 Total elapsed playing time was 1 hour, 2 minutes and 50 seconds.

Major events:
 Turn
    1: Eesui the chaotic male human Rogue entered the dungeon
  703: entered the Gnomish Mines
 1455: attained the rank of Cutpurse (level 3)
 2954: attained the rank of Rogue (level 6)
 4209: reached Mine Town
 4439: chose an elven dagger to be named "Sting"
10320: killed by a wolf, while frozen by a floating eye's gaze

You didn't know any spells.

Skills:
 Fighting Skills
   bare handed combat [Unskilled]
   two weapon combat  [Skilled]
   riding             [Unskilled]
 Weapon Skills
   dagger             [Skilled]
   knife              [Unskilled]
   short sword        [Basic]
   broadsword         [Unskilled]
   long sword         [Unskilled]
   two-handed sword   [Unskilled]
   saber              [Unskilled]
   club               [Unskilled]
   mace               [Unskilled]
   morning star       [Unskilled]
   flail              [Unskilled]
   hammer             [Unskilled]
   polearms           [Unskilled]
   spear              [Unskilled]
   crossbow           [Unskilled]
   dart               [Unskilled]
   shuriken           [Unskilled]
 Spellcasting Skills
   divination spells  [Unskilled]
   escape spells      [Unskilled]
   matter spells      [Unskilled]

Voluntary challenges:
 Character rerolling was not enabled.
 You never genocided any monsters.
 You never polymorphed an object.
 You never changed form.
 You used no wishes.
Achievements:
 You entered a shop.
 You entered the Gnomish Mines.
 You attained the rank of Cutpurse.
 You attained the rank of Rogue.
 You entered Minetown.
 You entered a temple.

 The Dungeons of Doom: levels 1 to 10
    Level 1:
    Level 2:
       A general store.
       Stairs down to The Gnomish Mines.
    Level 3:
       Some fountains.
    Level 4:
       A sink.
    Level 5: "vault"
       A wand shop, some fountains.
    Level 6:
       Final resting place for
          BaeHund-Kni-Hum-Fem-Law, killed by a giant bat.
    Level 7:
       An altar, a sink.
    Level 8: "stash"
       A grave.
    Level 9:
       Many fountains.
    Level 10: <- You were here.
       A tool shop.
       Final resting place for
          you, killed by a wolf, while frozen by a floating eye's gaze.
 The Gnomish Mines: levels 3 to 7
    Level 3:
    Level 4:
    Level 5:
    Level 6:
       Many shops, a temple and an altar to Kos, some fountains.
    Level 7: "pois res"
 The Tutorial:
    Level 1:


Vanquished creatures:
 an iron golem
  a disenchanter
  a vampire leader
  a winged gargoyle
  a large mimic
  a fire elemental
  2 small mimics
  a pyrolisk
  a large dog
  a dwarf ruler
  a human mummy
  a leather golem
  a chameleon
  a giant beetle
  2 winter wolf cubs
  a leprechaun
  a mumak
  2 giant spiders
  a vampire bat
  a gnome ruler
 an orc mummy
  a brown pudding
  2 owlbears
  a gold golem
  a lizard
  a dog
  a dust vortex
  a raven
  a gnome mummy
  a snake
  4 human zombies
  a soldier ant
  a fire ant
  a wood nymph
  a water nymph
  a mountain nymph
  5 Mordor orcs
 an Uruk-hai
 an orc shaman
  2 rock piercers
  2 rock moles
  2 yellow lights
  6 gnome leaders
  4 gnomish wizards
  a kobold mummy
  a golden naga hatchling
  2 ghouls
  a straw golem
 14 giant ants
  2 floating eyes
  a kitten
 10 dwarves
  a kobold leader
  2 hill orcs
  2 rothes
  2 rabid rats
  a centipede
  3 giant bats
  a monkey
  3 orc zombies
  2 wererats
  6 iguanas
 10 killer bees
  2 acid blobs
  a coyote
  4 hobbits
 22 manes
  a large kobold
  a hobgoblin
 13 giant rats
  a brown mold
  4 yellow molds
  a red mold
 37 gnomes
  5 garter snakes
  a gnome zombie
  6 geckos
 10 jackals
  a fox
  3 kobolds
  2 goblins
  2 sewer rats
 11 grid bugs
  6 bats
  6 lichens
  3 kobold zombies
  7 newts
281 creatures vanquished.

No species were genocided or became extinct.

Game over:
                       ----------
                      /          \
                     /    REST    \
                    /      IN      \
                   /     PEACE      \
                  /                  \
                  |      Eesui       |
                  |      167 Au      |
                  | killed by a wolf |
                  |                  |
                  |                  |
                  |                  |
                  |       2026       |
                 *|     *  *  *      | *
        _________)/\\_//(\/(/\)/\//\/|_)_______

Goodbye Eesui the Rogue...

You died in The Dungeons of Doom on dungeon level 10 with 18027 points,
and 167 pieces of gold, after 10320 moves.
You were level 9 with a maximum of 79 hit points when you died.

